 Dungeon Crawl Stone Soup version 0.29.1-1-gd02db6906a (webtiles) character file.

Game seed: 14363783135336552164

13514 safid the Marksminotaur (level 11, -2/94 HPs)
             Began as a Minotaur Hunter on Sept 26, 2022.
             Was a High Priest of Okawaru.
             Slain by a tyrant leech (19 damage)
             ... on level 2 of the Lair of Beasts.
             The game lasted 00:22:01 (9468 turns).

safid the Marksminotaur (Minotaur Hunter)           Turns: 9468, Time: 00:22:02

Health: -2/94      AC: 14    Str: 15    XL:     11   Next: 76%
Magic:  14/14      EV: 11    Int:  6    God:    Okawaru [*****.]
Gold:   582        SH:  0    Dex: 19    Spells: 10/10 levels left

rFire   + + .      SeeInvis .   D - +1 arbalest of Destiny {flame, rF++}
rCold   . . .      Faith    .   (shield currently unavailable)
rNeg    . . .      Spirit   .   p - +1 ring mail {rPois}
rPois   +          Reflect  .   w - +2 hat
rElec   .          Harm     .   J - +0 cloak
rCorr   .          Rampage  .   c - +0 pair of gloves
Will    .....                   G - +1 pair of boots
Stlth   +.........              d - amulet of regeneration
HPRegen 1.05/turn               (no ring)
MPRegen 0.14/turn               (no ring)

@: invisible
A: horns 2, retaliatory headbutt
a: Renounce Religion, Heroism, Finesse, Duel


You were on level 2 of the Lair of Beasts.
You worshipped Okawaru.
Okawaru was extremely pleased with you.
You visited 2 branches of the dungeon, and saw 12 of its levels.

You collected 758 gold pieces.
You spent 176 gold pieces at shops.

Inventory:

Hand Weapons
 D - the +1 arbalest of Destiny (weapon) {flame, rF++}
   (You found it on level 7 of the Dungeon)

   Any ammunition fired from it burns those it strikes, dealing additional fire
   damage.
   rF:        It greatly protects you from fire.
Missiles
 k - a throwing net
Armour
 c - a +0 pair of gloves (worn)
 p - a +1 ring mail of poison resistance (worn)
 t - the +1 robe of Noixid {rElec Int+5 Dex+3}
   (You found it on level 4 of the Dungeon)

   Int:       It affects your intelligence (+5).
   Dex:       It affects your dexterity (+3).
   rElec:     It insulates you from electricity.
 w - a +2 hat (worn)
 G - a +1 pair of boots (worn)
 J - a +0 cloak (worn)
Jewellery
 d - an amulet of regeneration (around neck)
 h - a ring of protection from fire
 v - a ring of fire
Wands
 E - a wand of iceblast (2)
 K - a wand of polymorph (3)
Scrolls
 b - 4 scrolls of blinking
 e - 2 scrolls of teleportation
 j - a scroll of magic mapping
 l - a scroll of enchant armour {unknown}
 m - a scroll of enchant weapon {unknown}
 o - 2 scrolls of fear
 u - 2 scrolls of fog
 x - a scroll of amnesia {unknown}
 y - 4 scrolls of torment
 H - 2 scrolls of noise {unknown}
 I - a scroll of summoning {unknown}
Potions
 a - 2 potions of mutation {unknown}
 f - a potion of resistance {unknown}
 g - a potion of might
 i - a potion of invisibility
 n - 5 potions of curing
 q - 3 potions of heal wounds {unknown}
 r - 2 potions of lignification {unknown}
 s - a potion of flight {unknown}
 z - 2 potions of attraction {unknown}
 A - 2 potions of degeneration {unknown}
 B - 2 potions of berserk rage {unknown}
 C - 2 potions of brilliance {unknown}
 F - a potion of ambrosia {unknown}


   Skills:
 - Level 8.0 Fighting
 + Level 17.4 Ranged Weapons
 - Level 7.0 Armour
 - Level 2.1 Dodging
 - Level 0.7 Stealth
 + Level 6.3 Invocations


You had 10 spell levels left.
You didn't know any spells.
Your spell library contained the following spells:

 Spells                   Type           Power      Damage    Failure   Level
 Shock                    Conj/Air       0%         1d3       65%         1
 Sublimation of Blood     Necr           0%         N/A       80%         2
 Confusing Touch          Hex            0%         N/A       95%         3
 Ozocubu's Armour         Ice            0%         N/A       95%         3
 Swiftness                Air            0%         N/A       95%         3
 Airstrike                Air            0%         2d(0-16)  100%        4
 Petrify                  Tmut/Erth      0%         N/A       100%        4
 Irradiate                Conj/Tmut      0%         3d11      100%        5
 Yara's Violent Unravell  Hex/Tmut       0%         3d3       100%        5
 Enfeeble                 Hex            0%         N/A       100%        7
 Ozocubu's Refrigeration  Ice            0%         4d7       100%        7


Dungeon Overview and Level Annotations

Branches:
Dungeon (10/15)            Temple (0/1) D:7            Lair (2/5) D:9
  Swamp: Lair:2-3    Shoals: Lair:2-3     Snake: Lair:2-3    Spider: Lair:2-3
    Orc: D:9-12

Altars:
Cheibriados
Dithmenos
Elyvilon
Okawaru
Qazlal
Trog
Yredelemnul
Zin
Jiyva

Shops:
D:1 [   D:2 [   D:9 [

Annotations:
D:8 2 transporters, TheSexyCheese's ghost, novice MiBe
Lair:1 3 runed translucent doors, turdburglar's ghost, journeyman TrEE


Innate Abilities, Weirdness & Mutations

You have a pair of horns on your head.
You reflexively headbutt those who attack you in melee.


Message History

The tyrant leech bites you.
The tyrant leech draws strength from your injuries!
The swamp worm fires a harpoon shot at you.
The harpoon shot hits you.
You are yanked forward by the harpoon shot.
You shoot a bolt. The bolt hits the swamp worm!
The bolt burns the swamp worm.
You kill the swamp worm!
Okawaru accepts your kill. The swamp worm closely misses you.
The tyrant leech bites you!
The tyrant leech draws strength from your injuries!
You shoot a bolt. The bolt closely misses the swamp worm.
The swamp worm bites you! The tyrant leech bites you!
The tyrant leech draws strength from your injuries!
The swamp worm barely misses you. You furiously retaliate!
You headbutt the swamp worm!
Unknown command.
You shoot a bolt.
The bolt hits the swamp worm but does no damage.
The swamp worm is moderately wounded.
The swamp worm misses you. The tyrant leech bites you!!
The tyrant leech draws strength from your injuries!
You are too injured to fight recklessly!
You are too injured to fight recklessly!
You are too injured to fight recklessly!
Unknown command.
The swamp worm attacks as you move away!
The swamp worm bites you but does no damage.
The swamp worm fires a harpoon shot at you.
The harpoon shot hits you!!
* * * LOW HITPOINT WARNING * * *
You are yanked forward by the harpoon shot.
Unknown command.
Fire: D) +1 arbalest of Destiny {flame, rF++}
Press: ? - help, Q - select action, (/) - cycle Shift-Dir - straight line, f/p - swamp worm
Aim: a swamp worm (moderately wounded, 64% to hit)
Okay, then.
Unknown command.
You fade into invisibility!
The swamp worm barely misses you. The tyrant leech bites you!!
You die...

........... ....$.....
.......... ## .........
.#### ......... .# ........
........#..#
...............w.##.## ##
................@##..###..#
..........♣♣.♣♣w.......#.#
.........♣ ♣♣.........###
.........♣ ♣.........PP.
.........♣ ♣.#..........
.........♣ ♣.#†.[#.....#
.........♣♣ ♣♣............
.##.......♣♣♣♣♣.....#.......
.##P................#.......


You could see a tyrant leech (unable to see you) and a swamp worm (unable to see
you).

Vanquished Creatures
  A catoblepas (D:9)
  Harold (Lair:1)
  A hydra (Lair:1)
  A two-headed ogre (D:10)
  An elephant (D:9)
  A black mamba (Lair:1)
  2 cane toads (Lair:1)
  A kobold demonologist (D:10)
  A troll (D:10)
  A tyrant leech (Lair:2)
  Grinder (D:5)
  4 blink frogs (Lair:1)
  12 yaks
  3 fire bats (Lair:2)
  A wyvern (Lair:1)
  A wraith (D:7)
  5 basilisks
  A fire elemental (Lair:2)
  2 steam dragons
  Edmund (D:4)
  A swamp worm (Lair:2)
  4 water moccasins
  An ice beast (D:4)
  2 black bears
  An ogre (D:6)
  3 orc warriors
  4 centaurs
  2 kobold brigands
  11 bullfrogs
  4 necrophages
  A gnoll sergeant (D:9)
  A scorpion (D:7)
  4 wights (D:6)
  8 killer bees
  A howler monkey (D:9)
  2 electric eels (Lair:2)
  3 hounds
  5 orc priests
  4 gnoll boudas
  A jelly (D:6)
  4 iguanas
  Natasha (twice) (D:2)
  Terence (D:2)
  13 orc wizards
  19 gnolls
  6 adders
  A shadow imp (D:5)
  4 dart slugs
  40 orcs
  11 ball pythons
  8 endoplasms
  9 giant cockroaches
  5 goblins
  10 hobgoblins
  4 quokkas
  6 bats
  A frilled lizard (D:2)
  20 kobolds
  9 rats
278 creatures vanquished.

Vanquished Creatures (others)
  6 plants
6 creatures vanquished.

Grand Total: 284 creatures vanquished

Notes
Turn   | Place    | Note
-------+----------+-------------------------------------------
     0 | D:1      | safid the Minotaur Hunter began the quest for the Orb.
     0 | D:1      | Reached XP level 1. HP: 18/18 MP: 0/0
   153 | D:1      | Reached XP level 2. HP: 23/26 MP: 1/1
   459 | D:1      | Found Polacwex's Armour Shop.
   524 | D:1      | Reached skill level 5 in Ranged Weapons
   524 | D:1      | Reached XP level 3. HP: 31/31 MP: 2/2
   960 | D:2      | Found Muluase's Armour Shop.
  1173 | D:2      | Reached XP level 4. HP: 40/40 MP: 3/3
  1517 | D:2      | Noticed Natasha
  1523 | D:2      | Killed Natasha
  1563 | D:2      | Noticed Terence
  1580 | D:2      | Killed Terence
  1581 | D:2      | Reached skill level 1 in Armour
  1636 | D:2      | Reached XP level 5. HP: 47/47 MP: 4/4
  1762 | D:2      | Found a faded altar of an unknown god.
  2173 | D:3      | Reached skill level 5 in Fighting
  2173 | D:3      | Reached skill level 6 in Ranged Weapons
  2608 | D:4      | Noticed Edmund
  2610 | D:4      | Reached XP level 6. HP: 49/56 MP: 5/5
  2673 | D:4      | Identified the +1 robe of Noixid {rElec Int+5 Dex+3}
  2720 | D:4      | Killed Edmund
  2850 | D:2      | Noticed Natasha
  2857 | D:2      | Killed Natasha
  2882 | D:1      | Bought a +2 hat for 176 gold pieces
  3336 | D:5      | Entered Level 5 of the Dungeon
  3338 | D:5      | Reached XP level 7. HP: 62/62 MP: 6/6
  3361 | D:4      | Reached skill level 7 in Ranged Weapons
  3447 | D:5      | Reached skill level 5 in Armour
  3524 | D:5      | Noticed Grinder
  3547 | D:5      | Killed Grinder
  3548 | D:5      | Reached XP level 8. HP: 61/73 MP: 7/7
  4221 | D:6      | Reached skill level 8 in Ranged Weapons
  4631 | D:6      | You fall into a shaft and drop 2 floors!
  4774 | D:6      | Found a stormy altar of Qazlal.
  4779 | D:6      | Found a basalt altar of Yredelemnul.
  4780 | D:6      | Found a white marble altar of Elyvilon.
  4780 | D:6      | Found a glowing silver altar of Zin.
  4780 | D:6      | Found a shadowy altar of Dithmenos.
  4862 | D:6      | Reached skill level 9 in Ranged Weapons
  4905 | D:6      | Found an iron altar of Okawaru.
  4906 | D:6      | Found a bloodstained altar of Trog.
  5123 | D:6      | Became a worshipper of Warmaster Okawaru
  5329 | D:7      | Reached XP level 9. HP: 76/81 MP: 8/8
  5362 | D:7      | Identified the +1 arbalest of Destiny {flame, rF++}
  5419 | D:7      | Reached skill level 10 in Ranged Weapons
  5495 | D:7      | Found a staircase to the Ecumenical Temple.
  5747 | D:8      | Reached skill level 11 in Ranged Weapons
  5764 | D:7      | Reached * piety under Okawaru
  5773 | D:8      | Found a transporter.
  5839 | D:8      | Reached skill level 12 in Ranged Weapons
  5862 | D:8      | Noticed TheSexyCheese's ghost (novice MiBe)
  5885 | D:8      | Reached ** piety under Okawaru
  5886 | D:8      | Reached skill level 13 in Ranged Weapons
  6072 | D:8      | Found a transporter.
  6310 | D:9      | Reached XP level 10. HP: 88/88 MP: 9/9
  6390 | D:9      | Found Cheibriados's Comfort Zone.
  6390 | D:9      | Found a snail-covered altar of Cheibriados.
  6673 | D:9      | Found a staircase to the Lair.
  6673 | D:9      | Noticed an elephant
  6707 | D:9      | Killed an elephant
  6708 | D:9      | Reached skill level 14 in Ranged Weapons
  6933 | D:9      | Reached *** piety under Okawaru
  6965 | D:10     | Entered Level 10 of the Dungeon
  7317 | D:10     | Reached skill level 15 in Ranged Weapons
  7318 | D:10     | Reached **** piety under Okawaru
  7721 | D:10     | Noticed a two-headed ogre
  7724 | D:10     | Killed a two-headed ogre
  7724 | D:10     | Reached ***** piety under Okawaru
  7725 | D:10     | Reached skill level 16 in Ranged Weapons
  8071 | Lair:1   | Entered Level 1 of the Lair of Beasts
  8080 | Lair:1   | Reached skill level 1 in Invocations
  8080 | Lair:1   | Reached XP level 11. HP: 94/94 MP: 10/10
  8121 | Lair:1   | Noticed a five-headed hydra
  8129 | Lair:1   | Killed a five-headed hydra
  8206 | Lair:1   | Noticed a catoblepas
  8396 | D:9      | Killed a catoblepas
  8609 | Lair:1   | Received a gift from Okawaru
  8712 | Lair:1   | Found a runed translucent gate.
  8712 | Lair:1   | Found a runed translucent gate.
  8712 | Lair:1   | Found a runed translucent gate.
  8712 | Lair:1   | Noticed a glowing orange brain
  8794 | Lair:1   | Noticed turdburglar's ghost (journeyman TrEE)
  8797 | Lair:1   | Found a viscous altar of Jiyva.
  9140 | Lair:2   | Noticed Harold
  9163 | Lair:1   | Killed Harold
  9164 | Lair:1   | Reached skill level 17 in Ranged Weapons
  9164 | Lair:1   | Reached skill level 5 in Invocations
  9468 | Lair:2   | Slain by a tyrant leech

Illustrated notes

Levels and vault maps discovered:
D:1:      sevenhm_arrival_forest_fort_large_2, layout_basic, serial_shops,
          nicolae_shop_waterfront
D:2:      layout_basic, chequers_ecumenical_altar_grove, serial_shops,
          nicolae_shop_hallway_stairs, bh_walls_and_bars, uniq_terence,
          uniq_natasha
D:3:      layout_basic, minmay_misc_feat_columns, dk_vineyard_2
D:4:      layout_rooms, uniq_edmund
D:5:      layout_basic, chequers_serial_rivers_room_b, uniq_grinder
D:6:      layout_loops_ring, grunt_temple_overflow_bloody_war,
          grunt_temple_overflow_open
D:7:      layout_rooms, temple_doors_e
D:8:      layout_rooms, gammafunk_ghost_stat_death
D:9:      layout_cave_pools, david_lair_generic, minmay_shop_chei
D:10:     layout_basic
Lair:1:   layout_regular_city, gammafunk_ghost_ooze
Lair:2:   layout_gridlike, minmay_swamp_entry_worms, beast_lair_carwin_8,
          infiniplex_staircase_pool, uniq_harold, uniq_sonja, uniq_urug

Skill      XL: |  1  2  3  4  5  6  7  8  9 10 11 |
---------------+----------------------------------+-----
Fighting       | 3 4 5 7 8 |  8.0
Ranged Weapons | 5 6 7 9 13 16 17 | 17.4
Armour         | 1 2 3 5 7 |  7.0
Invocations    | 1 6 |  6.3
Dodging        | |  2.1
Stealth        | |  0.7

Action                   |  1- 3 |  4- 6 |  7- 9 | 10-12 || total
-------------------------+-------+-------+-------+-------++-------
 Fire: Shortbow          |   118 |   171 |   237 |       ||   526
       Arbalest          |       |       |    87 |   309 ||   396
  Use: Potion            |       |     2 |       |     2 ||     4
       Scroll            |       |       |     8 |     4 ||    12
Armor: Leather armour    |    10 |       |       |       ||    10
       Ring mail         |       |    23 |   123 |   117 ||   263
Dodge: Dodged            |    31 |    39 |   137 |   117 ||   324
